 Dungeon Crawl Stone Soup version 0.31-a0-705-ga145531891 (webtiles) character file.

Game seed: 14407644716753234599

83 randomguy2701 the Trooper (level 4, -8/41 HPs)
             Began as a Hill Orc Fighter on Sept 10, 2023.
             Killed from afar by Ijyb (16 damage)
             ... with a bolt of dispelling energy
             ... on level 3 of the Dungeon.
             The game lasted 00:01:08 (1793 turns).

randomguy2701 the Trooper (Hill Orc Fighter)        Turns: 1793, Time: 00:01:11

Health: -8/41      AC:  7    Str: 18    XL:     4   Next: 44%
Magic:  4/4        EV:  9    Int:  8    God:
Gold:   165        SH:  4    Dex: 12    Spells: 3/3 levels left

rFire   . . .        a - +0 war axe
rCold   . . .        c - +0 buckler
rNeg    . . .        b - +0 scale mail
rPois   .            (no helmet)
rElec   .            (no cloak)
rCorr   .            (no gloves)
SInv    .            (no boots)
Will    .....        (no amulet) Stlth
                     (no ring)
HPRegen 0.26/turn    (no ring)
MPRegen 0.09/turn

%: no passive effects
@: no status effects
A: no striking features
a: no special abilities


You were on level 3 of the Dungeon.
You visited 1 branch of the dungeon, and saw 3 of its levels.

You collected 165 gold pieces.

Inventory:

Hand Weapons
 a - a +0 war axe (weapon)
Armour
 b - a +0 scale mail (worn)
 c - a +0 buckler (worn)
Jewellery
 i - a ring of magical power
Wands
 l - a wand of polymorph (6)
Scrolls
 e - 2 scrolls of poison {unknown}
 f - a scroll of identify {unknown}
 g - a scroll of blinking {unknown}
Potions
 d - a potion of might
 h - a potion of curing {unknown}
 j - a potion of lignification {unknown}
 k - 2 potions of haste {unknown}


   Skills:
 + Level 4.3 Fighting
 + Level 3.7 Axes
 + Level 4.0 Armour
 + Level 1.0 Dodging
 + Level 0.1 Stealth
 + Level 3.5 Shields


You had 3 spell levels left.
You didn't know any spells.
Your spell library contained the following spells:

 Spells                   Type           Power      Damage    Failure   Level
 Dazzling Flash           Conj/Hex       0%         N/A       99%         3
 Volatile Blastmotes      Fire/Tloc      0%         2d10      99%         3
 Starburst                Conj/Fire      0%         6d3       100%        6
 Maxwell's Capacitive Co  Air            0%         ∞         100%        8


Dungeon Overview and Level Annotations

Branches:
Dungeon (3/15)

Altars:
Makhleb

Annotations:
D:3 Ijyb


Message History

Done exploring.
You climb downwards.
Level annotation: Ijyb Ijyb zaps a wand.
The bolt of dispelling energy hits you!
There is a stone staircase leading up here.
You block Ijyb's attack.
You closely miss Ijyb. Ijyb closely misses you.
You block the hobgoblin's attack. Ijyb hits you with a +0 club.
You barely miss Ijyb. You hit the hobgoblin but do no damage.
The hobgoblin closely misses you. Ijyb hits you with a +0 club.
You miss Ijyb. You barely miss the hobgoblin. The hobgoblin hits you.
Ijyb hits you with a +0 club. The hobgoblin barely misses you.
Ijyb hits you with a +0 club.
You are too injured to fight recklessly!
You are too injured to fight recklessly!
You are too injured to fight recklessly!
You are too injured to fight recklessly!
You are too injured to fight recklessly!
You are too injured to fight recklessly!
You are too injured to fight recklessly!
You are too injured to fight recklessly!
You are too injured to fight recklessly!
You are too injured to fight recklessly!
You are too injured to fight recklessly!
Unknown command.
You barely miss the hobgoblin. You hit Ijyb but do no damage.
The hobgoblin misses you. You block Ijyb's attack.
You hit the hobgoblin.
The hobgoblin is severely wounded.
You hit Ijyb but do no damage. The hobgoblin closely misses you.
Ijyb zaps a wand.
The bolt of dispelling energy hits you.
* * * LOW HITPOINT WARNING * * *
You barely miss the hobgoblin.
The hobgoblin is severely wounded.
You closely miss Ijyb.
The hobgoblin hits you but does no damage.
Ijyb barely misses you. The hobgoblin hits you.
* * * LOW HITPOINT WARNING * * *
Ijyb zaps a wand.
The bolt of dispelling energy hits you!
You die...

#..# .... #####
#..# ......##..###
≈≈≈≈. ......
.§§.≈.##†.#
≈≈§.≈....<#
..≈.≈.##.##
_...≈..#@#
..≈.≈..gg#
≈≈≈.≈.#..######...
....≈.............
≈≈≈≈≈......g.(?...
......##.######g..
.##... #+# . ##..
##


You could see Ijyb and a hobgoblin.

Vanquished Creatures
  Terence (D:2)
  3 adders (D:2)
  2 endoplasms (D:1)
  A giant cockroach (D:1)
  7 goblins (D:1)
  2 hobgoblins (D:2)
  2 jackals (D:1)
  2 quokkas
  5 bats
  3 frilled lizards
  4 kobolds
32 creatures vanquished.

Notes
Turn   | Place    | Note
-------+----------+-------------------------------------------
     0 | D:1      | randomguy2701 the Hill Orc Fighter began the quest for the
                  | Orb.
     0 | D:1      | Reached XP level 1. HP: 19/19 MP: 1/1
    54 | D:1      | Reached XP level 2. HP: 21/27 MP: 2/2
   808 | D:2      | Reached XP level 3. HP: 28/33 MP: 3/3
  1425 | D:2      | Noticed Terence
  1433 | D:2      | Killed Terence
  1434 | D:2      | Reached skill level 1 in Dodging
  1434 | D:2      | Reached XP level 4. HP: 27/40 MP: 4/4
  1691 | D:3      | Found a burning altar of Makhleb.
  1692 | D:3      | Noticed Ijyb
  1793 | D:3      | Killed from afar by Ijyb

Illustrated notes

Levels and vault maps discovered:
D:1:      evilmike_arrival_rings, layout_rooms
D:2:      layout_basic, uniq_terence
D:3:      layout_basic, mainiacjoe_overflow_concentric_impassable,
          kennysheep_crisscross, guppyfry_early_lair_pool, uniq_ijyb

Skill      XL: |  1  2  3 |
---------------+----------+-----
Fighting       | 4 |  4.3
Axes           | 3 |  3.7
Armour         | 4 |  4.0
Dodging        | 1 |  1.0
Stealth        | |  0.1
Shields        | |  3.5

Action                     |  1- 3 |  4- 6 || total
---------------------------+-------+-------++-------
  Melee: War axe           |   102 |    24 ||   126
         Unarmed           |     4 |       ||     4
 Armour: Scale mail        |    85 |    27 ||   112
  Dodge: Dodged            |    58 |    15 ||    73
  Block: Buckler           |    24 |     7 ||    31

Table legend: (Time is in decaauts)
 A = Elapsed time spent in this place.
 B = Non-inter-level travel time spent in this place.
 C = Inter-level travel time spent in this place.
 D = Time resting spent in this place.
 E = Time spent auto-exploring this place.
 F = Levels seen in this place.
 G = Mean time per level.
                   A        B        C        D        E       F      G
               +--------+--------+--------+--------+--------+-----+--------+
         Total |   1840 |   1782 |     58 |      0 |   1474 |   3 |  613.3 |
       Dungeon |   1840 |   1782 |     58 |      0 |   1474 |   3 |  613.3 |
               +--------+--------+--------+--------+--------+-----+--------+

Top non-repeatable levels by time:
     D:2: 1180 daAuts
     D:1: 630 daAuts
     D:3: 28 daAuts
